 Dungeon Crawl Stone Soup version 0.29-a0-371-g91724d5b39 (webtiles) character file.

Game seed: 6759701447926062962

8 Bruhh the Ducker (level 2, 0/29 HPs)
             Began as a Gnoll Monk on May 3, 2022.
             Slain by a jackal (1 damage)
             ... on level 1 of the Dungeon.
             The game lasted 00:00:17 (400 turns).

Bruhh the Ducker (Gnoll Monk)                        Turns: 400, Time: 00:00:18

Health: 0/29       AC:  2    Str: 10    XL:     2   Next: 8%
Magic:  2/2        EV: 14    Int:  9    God:
Gold:   16         SH:  0    Dex: 14    Spells: 1/1 levels left

rFire   . . .      SeeInvis .   a - +0 falchion
rCold   . . .      Faith    .   (no shield)
rNeg    . . .      Spirit   .   b - +0 robe
rPois   .          Reflect  .   (no helmet)
rElec   .          Harm     .   (no cloak)
rCorr   .          Rampage  .   (no gloves)
Will    .....                   (no boots)
Stlth   +++.......              (no amulet)
HPRegen 0.09/turn               (no ring)
MPRegen 0.08/turn               (no ring)

@: no status effects
A: fangs 1, strong nose, distributed training
a: no special abilities


You were on level 1 of the Dungeon.
You visited 1 branch of the dungeon, and saw 1 of its levels.

You collected 16 gold pieces.

Inventory:

Hand Weapons
 a - a +0 falchion (weapon)
Armour
 b - a +0 robe (worn)
Jewellery
 e - a +4 ring of evasion
Scrolls
 d - a scroll of identify {unknown}
Potions
 c - a potion of ambrosia


   Skills:
 + Level 6.4 Fighting
 + Level 0.2 Short Blades
 + Level 6.4 Long Blades
 + Level 0.2 Axes
 + Level 0.2 Maces & Flails
 + Level 0.2 Polearms
 + Level 0.2 Staves
 + Level 0.2 Slings
 + Level 0.2 Bows
 + Level 0.2 Crossbows
 + Level 0.2 Throwing
 + Level 0.2 Armour
 + Level 6.4 Dodging
 + Level 4.0 Stealth
 + Level 0.2 Shields
 + Level 0.2 Unarmed Combat
 + Level 0.2 Spellcasting
 + Level 0.1 Conjurations
 + Level 0.1 Hexes
 + Level 0.1 Summonings
 + Level 0.1 Necromancy
 + Level 0.1 Translocations
 + Level 0.1 Transmutations
 + Level 0.1 Fire Magic
 + Level 0.1 Ice Magic
 + Level 0.1 Air Magic
 + Level 0.1 Earth Magic
 + Level 0.1 Poison Magic
 + Level 0.3 Invocations
 + Level 0.2 Evocations


You had one spell level left.
You didn't know any spells.
Your spell library was empty.

Dungeon Overview and Level Annotations

Branches:
Dungeon (1/15)

Altars:


Innate Abilities, Weirdness & Mutations

You have very sharp teeth.
Your uncanny sense of smell can sniff out nearby items.
Your experience applies equally to all skills.


Message History

You are too injured to fight recklessly!
You hit the jackal but do no damage.
The jackal is moderately wounded.
The jackal barely misses you. The goblin closely misses you.
The jackal completely misses you.
You barely miss the jackal.
The jackal is moderately wounded.
The jackal misses you. The goblin hits you with a +0 dagger.
You closely miss the jackal.
The jackal is moderately wounded.
The jackal completely misses you. The goblin hits you but does no damage.
You hit the jackal. You bite the jackal, but do no damage.
The jackal is heavily wounded.
The jackal bites you but does no damage.
The goblin barely misses you. The jackal bites you.
You closely miss the jackal.
The jackal is heavily wounded.
The jackal bites you but does no damage.
The goblin closely misses you.
You hit the jackal but do no damage. You bite the jackal, but do no damage.
The jackal is heavily wounded.
The jackal bites you.
* * * LOW HITPOINT WARNING * * *
The goblin hits you with a +0 dagger.
* * * LOW HITPOINT WARNING * * *
The jackal closely misses you.
You completely miss the jackal.
The jackal is heavily wounded.
The jackal barely misses you. The goblin hits you with a +0 dagger.
* * * LOW HITPOINT WARNING * * *
You closely miss the jackal.
The jackal is heavily wounded.
The jackal closely misses you. The goblin hits you with a +0 dagger.
* * * LOW HITPOINT WARNING * * *
You closely miss the jackal.
The jackal is heavily wounded.
The jackal completely misses you. The goblin barely misses you.
The jackal misses you. The jackal bites you.
You die...

∆ #...#...#...# .
#.#...#.<.'...# ..
#.#...#...#...# .!.
#.##'###+###'## ....######
#.#...#...#...# .........#
#.#...#...#.⌠.# ......†..#
#.#...#...#...#
........g###.######'###'##
........h@...#...#...#...#
.#####$......'...'...'...'
#.......#...#...#...#
#.......#############
#....................
#......#####.########
#......# #...# ########
###.# #.#


You could see a jackal and a goblin.

Vanquished Creatures
  A ball python (D:1)
  A giant cockroach (D:1)
  2 hobgoblins (D:1)
  2 jackals (D:1)
6 creatures vanquished.

Notes
Turn   | Place    | Note
-------+----------+-------------------------------------------
     0 | D:1      | Bruhh the Gnoll Monk began the quest for the Orb.
     0 | D:1      | Reached XP level 1. HP: 23/23 MP: 1/1
   379 | D:1      | Reached XP level 2. HP: 25/29 MP: 2/2
   397 | D:1      | HP: 1/29 [goblin/+0 dagger (2)]
   400 | D:1      | Slain by a jackal

Illustrated notes

Levels and vault maps discovered:
D:1:      co_arrival_random_square_maze, layout_basic, minmay_ruptured

Action                   || total
-------------------------++-------
Melee: Falchion          ||    35
       Bite              ||     4
 Stab: Sleeping          ||     2
Armor: Robe              ||    10
Dodge: Dodged            ||    39

Table legend: (Time is in decaauts)
 A = Elapsed time spent in this place.
 B = Non-inter-level travel time spent in this place.
 C = Inter-level travel time spent in this place.
 D = Time resting spent in this place.
 E = Time spent auto-exploring this place.
 F = Levels seen in this place.
 G = Mean time per level.
                   A        B        C        D        E       F      G
               +--------+--------+--------+--------+--------+-----+--------+
         Total |    399 |    399 |      0 |      0 |    341 |   1 |  399.0 |
       Dungeon |    399 |    399 |      0 |      0 |    341 |   1 |  399.0 |
               +--------+--------+--------+--------+--------+-----+--------+

Top non-repeatable levels by time:
     D:1: 399 daAuts
